 Dungeon Crawl Stone Soup version 0.31-a0-845-g9abc20d24f (webtiles) character file.

Game seed: 11204806250082799741

70 Aneyh the Trooper (level 4, -9/30 HPs)
             Began as a Tengu Monk on Oct 2, 2023.
             Mangled by a gnoll sergeant
             ... wielding a +4 trident of venom
              (14 damage)
             ... on level 2 of the Dungeon.
             The game lasted 00:02:37 (1077 turns).

Aneyh the Trooper (Tengu Monk)                      Turns: 1077, Time: 00:02:37

Health: -9/30      AC:  2    Str: 13    XL:     4   Next: 22%
Magic:  5/5        EV: 28    Int: 11    God:
Gold:   71         SH:  0    Dex: 16    Spells: 3/3 levels left

rFire   . . .        b - +0 sling
rCold   . . .        (no shield)
rNeg    . . .        j - +0 robe
rPois   .            (helmet restricted)
rElec   .            (no cloak)
rCorr   .            (no gloves)
SInv    .            (boots unavailable)
Will    .....        i - amulet of regeneration
Stlth   +            (no ring)
HPRegen 1.05/turn    (no ring)
MPRegen 0.09/turn

%: acrobat
@: confused, lethally poisoned (-9 -> -16), ambrosia-drunk, acrobatic
A: beak, talons 3, acrobatic
a: no special abilities


You were on level 2 of the Dungeon.
You visited 1 branch of the dungeon, and saw 3 of its levels.

You collected 71 gold pieces.

Inventory:

Hand Weapons
 a - a +0 spear
 b - a +0 sling (weapon)
Armour
 d - an orb of light
 g - a +0 leather armour
 j - a +0 robe (worn)
Jewellery
 i - an amulet of regeneration (around neck)
Scrolls
 e - a scroll of teleportation {unknown}
 h - a scroll of enchant weapon {unknown}
 k - a scroll of blinking {unknown}
 l - a scroll of silence {unknown}
Potions
 f - 2 potions of curing {unknown}
 m - a potion of degeneration {unknown}


   Skills:
 * Level 4.9 Fighting
 - Level 3.2 Polearms
 - Level 3.2 Dodging


You had 3 spell levels left.
You didn't know any spells.
Your spell library contained the following spells:

 Spells                   Type           Power      Damage    Failure   Level
 Volatile Blastmotes      Fire/Tloc      0%         2d10      71%         3
 Fulminant Prism          Conj/Hex       0%         3d5       98%         4
 Iskenderun's Mystic Bla  Conj/Tloc      0%         2d3       98%         4


Dungeon Overview and Level Annotations

Branches:
Dungeon (3/15)

Altars:


Innate Abilities, Weirdness & Mutations

You have a beak for a mouth.
You have claws for feet.
You can magically evade attacks while moving or waiting.


Message History

A ball python is nearby!
You shoot a sling bullet.
The sling bullet closely misses the ball python.
A ball python is nearby!
You shoot a sling bullet.
The sling bullet barely misses the ball python.
The ball python bites you but does no damage.
The ball python grabs you. The ball python constricts you.
You shoot a sling bullet. The sling bullet hits the ball python.
You kill the ball python!
No target in view!
No target in view!
You see here a ball python corpse.
You pick up a book of Blasting and begin reading...
You add the spells Volatile Blastmotes, Fulminant Prism and Iskenderun's Mystic Blast to your library.
No target in view!
Done exploring.
No target in view!
Done exploring.
No target in view!
There is a stone staircase leading down here.
You climb downwards.
The gnoll shouts! x2; The gnoll sergeant shouts!
You hear an angry hiss.
The gnoll shouts!
You hear an angry hiss. x2
There is a stone staircase leading up here.
The gnoll sergeant hits you with a +4 trident of venom!
You are poisoned.
You climb upwards.
You feel extremely sick.
There is a stone staircase leading down here.
You are confused.
You feel invigorated.
You feel very sick.
The gnoll sergeant hits you with a +4 trident of venom.
* * * LOW HITPOINT WARNING * * *
You are lethally poisoned!
* * * LOW HITPOINT WARNING * * *
You feel very sick.
The gnoll sergeant hits you from afar with a +4 trident of venom!
You die...

#####..##........................
....†..##.#####.##.........).....
.##.......# #.##...............
.##.......# #.###.#######......
.##...)...# #..................
.#.....##.# #..##.#..#.........
.#.....##### #..##.#....###.....
.#.........# #..##............##
.#.....###.####.@#.....##########
.#.....# #.##...>.......########.
.#.....###.##...g...#............
...................##).÷.########
.#....#....##....................
.#.........##......###....#.#....
##....#....##......# #......#.###
#....#....#######.# #....#......
####.........# #.# #.####...###


You could see a gnoll sergeant.

Vanquished Creatures
  Robin (D:2)
  An adder (D:2)
  A dart slug (D:1)
  4 giant cockroaches
  12 goblins
  8 hobgoblins
  2 kobolds
  6 ball pythons
  A bat (D:2)
  4 frilled lizards
  5 rats
45 creatures vanquished.

Notes
Turn   | Place    | Note
-------+----------+-------------------------------------------
     0 | D:1      | Aneyh the Tengu Monk began the quest for the Orb.
     0 | D:1      | Reached XP level 1. HP: 14/14 MP: 2/2
   142 | D:1      | Reached XP level 2. HP: 19/19 MP: 3/3
   155 | D:1      | Found a faded altar of an unknown god.
   470 | D:2      | Reached skill level 4 in Fighting
   526 | D:2      | Reached XP level 3. HP: 24/24 MP: 4/4
   814 | D:2      | Noticed Robin
   832 | D:2      | Killed Robin
   833 | D:2      | Reached XP level 4. HP: 30/30 MP: 5/5
  1073 | D:3      | Noticed a gnoll sergeant
  1077 | D:2      | Mangled by a gnoll sergeant

Illustrated notes

Levels and vault maps discovered:
D:1:      roderic_octagonal_star, layout_rooms,
          ebering_ecumenical_altar_sacrificial
D:2:      layout_basic, uniq_robin
D:3:      layout_basic, grunt_temple_overflow_open, serial_shops, shop,
          uniq_ijyb

Skill      XL: |  1  2 |
---------------+-------+-----
Fighting       | 4 |  4.9
Polearms       | |  3.2
Dodging        | |  3.2

Action                     |  1- 3 |  4- 6 || total
---------------------------+-------+-------++-------
  Melee: Spear             |    74 |     3 ||    77
         Kick              |    15 |     1 ||    16
         Peck              |     7 |       ||     7
         Punch             |     1 |       ||     1
   Fire: Sling             |    30 |    10 ||    40
    Use: Potion            |       |     1 ||     1
   Stab: Sleeping          |     3 |       ||     3
 Armour: Robe              |    24 |     4 ||    28
  Dodge: Dodged            |    42 |     2 ||    44

Table legend: (Time is in decaauts)
 A = Elapsed time spent in this place.
 B = Non-inter-level travel time spent in this place.
 C = Inter-level travel time spent in this place.
 D = Time resting spent in this place.
 E = Time spent auto-exploring this place.
 F = Levels seen in this place.
 G = Mean time per level.
                   A        B        C        D        E       F      G
               +--------+--------+--------+--------+--------+-----+--------+
         Total |   1086 |   1013 |     73 |      0 |    762 |   3 |  362.0 |
       Dungeon |   1086 |   1013 |     73 |      0 |    762 |   3 |  362.0 |
               +--------+--------+--------+--------+--------+-----+--------+

Top non-repeatable levels by time:
     D:2: 633 daAuts
     D:1: 450 daAuts
     D:3: 1 daAuts
